Ice Hogs vs Monsters

Created - Friday, January 01, 2016 at 03:29

Goals
1 2 3 T
Ice Hogs 4 1 0 5
Monsters 0 1 0 1
Shots
1 2 3 T
Ice Hogs 9 7 10 26
Monsters 5 6 9 20

1st period

1. Ice Hogs , Anton Volchenkov 6 (Oscar Lindberg) at 11:08
2. Ice Hogs , Alexey Marchenko 8 (J.T. Miller, Tim Schaller) at 15:29 (PP)
3. Ice Hogs , Colin McDonald 11 (Travis Morin) at 15:35
4. Ice Hogs , Anton Volchenkov 7 (Tim Schaller, Frank Corrado) at 16:13

Penalties :
Matt MacKenzie (LEM) for Tripping (Minor) at 0:52, Austin Watson (LEM) for Fighting (Major) at 7:18, Viktor Svedberg (RIH) for Fighting (Major) at 7:18, Viktor Svedberg (RIH) for instigated a fight (Minor) at 7:18, Viktor Svedberg (RIH) for instigated a fight (10 Minutes Misconduct) at 7:18, FARM PLAYER17 (LEM) for Roughing (Minor) at 15:10, Mitch Callahan (LEM) for Fighting (Major) at 15:46, Matt Fraser (RIH) for Fighting (Major) at 15:46, FARM PLAYER13 (LEM) for Roughing (Minor) at 18:04

2nd period

5. Ice Hogs , Matt Fraser 9 (J.T. Miller, Tim Schaller) at 3:49 (PP)
6. Monsters , Steven Pinizzotto 8 (Mitch Callahan, Mac Bennett) at 13:38 (PP)

Penalties :
Matt MacKenzie (LEM) for Slashing (Minor) at 3:44, Mitch Callahan (LEM) for Fighting (Major) at 4:58, Viktor Svedberg (RIH) for Fighting (Major) at 4:58, Anton Volchenkov (RIH) for Tripping (Minor) at 13:21, Mitch Callahan (LEM) for Fighting (Major / Game Misconduct) at 15:13, Mathieu Brodeur (RIH) for Fighting (Major) at 15:13, Cal O'Reilly (LEM) for Fighting (Major) at 16:21, Viktor Svedberg (RIH) for Fighting (Major / Game Misconduct) at 16:21

3rd period

No Goal

Penalties :
Troy Rutkowski (LEM) for Tripping (Minor) at 4:06, Travis Morin (RIH) for Tripping (Minor) at 9:12

Goalie Stats

Yann Danis (RIH), 19 saves from 20 shots - (0.950), W, 23-8-6, 60:00 minutes
FARM GOALIE2 (LEM), 1 saves from 5 shots - (0.200), L, 0-5-0, 16:13 minutes
Matt Climie (LEM), 20 saves from 21 shots - (0.952), 43:47 minutes

Players Stats for Ice Hogs

Player Name              G  A  P  +/- PIM S  H  SB GA TA FO     MP     PP MP  PK MP  
------------------------------------------------------------------------------------
Alexey Marchenko         1  0  1   1  0   2  1  2  3  1  0/0    23:25   4:30   1:41 
Anton Volchenkov         2  0  2   2  2   4  2  1  1  1  0/0    27:47   3:46   2:34 
Colin McDonald           1  0  1   2  0   2  6  0  1  2  0/3    18:20   3:38   1:47 
Derek Hulak              0  0  0   0  0   1  1  0  1  0  0/0    11:27   0:00   0:00 
Frank Corrado            0  1  1   2  0   2  2  4  1  2  0/0    26:37   3:43   1:41 
J.T. Miller              0  2  2   1  0   1  2  0  4  0  1/2    19:36   3:27   2:16 
Jean-Philippe Cote       0  0  0   1  0   0  1  0  0  0  0/0    20:03   0:00   0:00 
Mathieu Brodeur          0  0  0   0  5   0  0  0  0  0  0/0    15:06   0:00   2:34 
Matt Fraser              1  0  1   0  5   4  2  0  2  0  0/0    16:19   2:18   0:12 
Oscar Lindberg           0  1  1   1  0   1  0  0  0  0  3/5    11:12   0:00   0:00 
Petr Straka              0  0  0   1  0   1  2  0  1  0  0/0    11:12   0:00   0:00 
Ryan Haggerty            0  0  0   0  0   2  2  0  0  0  1/1    11:27   0:00   0:00 
Scott Wilson             0  0  0   1  0   0  1  0  0  0  0/0    15:06   2:54   0:11 
T.J. Tynan               0  0  0   0  0   1  3  0  1  1  3/10   11:27   0:00   0:00 
Tim Schaller             0  3  3   1  0   0  3  0  3  2  11/20  19:36   3:27   2:16 
Travis Morin             0  1  1   1  2   3  1  2  0  0  3/8    16:54   2:54   1:09 
Viktor Svedberg          0  0  0   0  37  0  1  0  0  0  0/0     6:57   0:43   0:00 
Will Acton               0  0  0   1  0   2  2  0  0  0  0/1    13:07   0:25   0:39 

Players Stats for Monsters

Player Name              G  A  P  +/- PIM S  H  SB GA TA FO     MP     PP MP  PK MP  
------------------------------------------------------------------------------------
Austin Watson            0  0  0  -1  5   1  2  1  3  1  12/21  23:18   0:57   4:14 
Barclay Goodrow          0  0  0  -1  0   2  4  1  0  1  2/3    16:46   1:53   0:00 
Blair Riley              0  0  0   0  0   0  0  0  0  0  1/2     4:48   0:00   0:27 
Cal O'Reilly             0  0  0  -2  5   0  1  1  0  2  1/1    14:39   0:00   0:00 
Charles Hudon            0  0  0   0  0   0  0  0  0  0  0/0     0:00   0:00   0:00 
Chase Balisy             0  0  0   0  0   0  0  1  2  0  4/7    15:54   2:22   0:00 
FARM PLAYER13            0  0  0   0  2   0  2  0  0  0  1/1    19:23   1:58   1:54 
FARM PLAYER17            0  0  0  -1  2   1  0  0  0  0  0/0    21:47   1:21   3:18 
Jeff Hoggan              0  0  0   0  0   0  2  0  0  0  4/6    15:53   0:00   1:40 
Jordan Weal              0  0  0  -1  0   2  0  1  1  0  0/0    20:12   1:53   4:41 
Mac Bennett              0  1  1  -2  0   0  2  4  0  3  0/0    25:53   2:54   3:33 
Matt MacKenzie           0  0  0  -2  4   0  1  0  0  1  0/0    24:34   2:54   2:16 
Mitch Callahan           0  1  1  -2  25  0  1  1  1  0  2/8     7:43   1:20   0:00 
Quinton Howden           0  0  0   0  0   5  1  0  2  1  0/0    15:53   0:00   1:40 
Steven Pinizzotto        1  0  1  -2  0   4  4  2  2  0  0/0    19:34   2:22   0:00 
Trevor van Riemsdyk      0  0  0   0  0   2  1  2  2  0  0/0    13:32   0:00   0:00 
Troy Rutkowski           0  0  0  -1  2   0  0  2  0  1  0/0    19:27   1:21   1:41 
Viktor Arvidsson         0  0  0   0  0   3  0  3  1  0  1/1    14:13   0:00   0:00 

3 Stars

1 - Anton Volchenkov (RIH)
2 - Colin McDonald (RIH)
3 - Tim Schaller (RIH)

Power Play

Ice Hogs - 2 on 5 Attempt(s) - 40.00%
Monsters - 1 on 3 Attempt(s) - 33.33%

Penalty Kill

Ice Hogs - 2 on 3 Attempt(s) - 66.67% - Score 0 goal in Penalty Kill
Monsters - 3 on 5 Attempt(s) - 60.00% - Score 0 goal in Penalty Kill

Team Stat

Ice Hogs - Hits : 32 - Faceoff Wins : 22 - Blocked Shots : 9 - Penalty Minutes : 51
Monsters - Hits : 21 - Faceoff Wins : 28 - Blocked Shots : 19 - Penalty Minutes : 45

Official

Referees : Unknown
Linesman : Unknown

Game Notes

Austin Watson and Viktor Svedberg fight to a draw at 7:18 of 1st period
Mitch Callahan and Matt Fraser fight to a draw at 15:46 of 1st period
Matt Climie enters game at 16:13 of 1st period
Viktor Svedberg beats up Mitch Callahan at 4:58 of 2nd period
Mitch Callahan beats up Mathieu Brodeur at 15:13 of 2nd period
Mitch Callahan ejected from game at 15:13 of 2nd period
Viktor Svedberg beats up Cal O'Reilly at 16:21 of 2nd period
Viktor Svedberg ejected from game at 16:21 of 2nd period

Finance

Level 1 -- Attendance: 1567 (78.35%) -- Ticket Income $54,845
Level 2 -- Attendance: 711 (71.10%) -- Ticket Income $10,665
Total Attendance: 2278 (75.93%)
Total Ticket Income: $65,510
Other Income: $32,100
Total Income: $97,610

Ice Hogs

5 vs 5 Forward 
   Center                   Left Wing                Right Wing               Time % Phy DF OF 
 1 Tim Schaller             Matt Fraser              J.T. Miller              30     0   2  3  
 2 Travis Morin             Scott Wilson             Colin McDonald           25     0   2  3  
 3 Oscar Lindberg           Will Acton               Petr Straka              25     1   2  2  
 4 T.J. Tynan               Derek Hulak              Ryan Haggerty            20     1   2  2  

5 vs 5 Defense 
   Defense                  Defense                                           Time % Phy DF OF 
 1 Anton Volchenkov         Mathieu Brodeur                                   30     1   2  2  
 2 Alexey Marchenko         Frank Corrado                                     30     1   2  2  
 3 Viktor Svedberg          Jean-Philippe Cote                                30     1   2  2  
 4 Anton Volchenkov         Frank Corrado                                     10     1   2  2  

PowerPlay Forward 
   Center                   Left Wing                Right Wing               Time % Phy DF OF 
 1 Tim Schaller             Matt Fraser              J.T. Miller              50     1   1  3  
 2 Travis Morin             Scott Wilson             Colin McDonald           50     1   1  3  

PowerPlay Defense
   Defense                  Defense                                           Time % Phy DF OF 
 1 Anton Volchenkov         Viktor Svedberg                                   50     0   2  3  
 2 Alexey Marchenko         Frank Corrado                                     50     0   2  3  

Penalty Kill 4 Players Forward 
   Center                   Wing                     Time % Phy DF OF 
 1 Tim Schaller             J.T. Miller              50     1   3  1  
 2 Travis Morin             Colin McDonald           50     1   3  1  

Penalty Kill 4 Players Defense
   Defense                  Defense                  Time % Phy DF OF 
 1 Anton Volchenkov         Mathieu Brodeur          50     1   4  0  
 2 Alexey Marchenko         Frank Corrado            50     1   4  0  

Penalty Kill - 3 Players Forward 
   Forward                                           Time % Phy DF OF 
 1 Tim Schaller                                      50     1   4  0  
 2 Travis Morin                                      50     1   4  0  

Penalty Kill - 3 Players Defense
   Defense                  Defense                  Time % Phy DF OF 
 1 Anton Volchenkov         Mathieu Brodeur          50     1   4  0  
 2 Alexey Marchenko         Frank Corrado            50     1   4  0  

4 vs 4 Forward 
   Center                   Wing                     Time % Phy DF OF 
 1 Oscar Lindberg           Petr Straka              50     1   2  2  
 2 Travis Morin             Colin McDonald           50     1   2  2  

4 vs 4 Defense
   Defense                  Defense                  Time % Phy DF OF 
 1 Alexey Marchenko         Frank Corrado            50     1   2  2  
 2 Viktor Svedberg          Jean-Philippe Cote       50     1   2  2  

Last Minutes Offensive
   Center                   Left Wing                Right Wing               Defense                  Defense                  
   Tim Schaller             J.T. Miller              Colin McDonald           Anton Volchenkov         Frank Corrado            

Last Minutes Defensive
   Center                   Left Wing                Right Wing               Defense                  Defense                  
   Travis Morin             Tim Schaller             J.T. Miller              Anton Volchenkov         Frank Corrado            

Goaltenders
Starting : Yann Danis               
Backup : Ryan Faragher            

Extra Forwards
Normal : Colin McDonald, Oscar Lindberg, Matt Fraser - PP : Colin McDonald, Matt Fraser - PK : Scott Wilson
Extra Defensemen
Normal : Frank Corrado, Viktor Svedberg, Anton Volchenkov - PP : Frank Corrado - PK : Frank Corrado, Anton Volchenkov
Penalty Shots
Travis Morin, Colin McDonald, J.T. Miller, Oscar Lindberg, Scott Wilson

Monsters

5 vs 5 Forward 
   Center                   Left Wing                Right Wing               Time % Phy DF OF 
 1 Austin Watson            Barclay Goodrow          Jordan Weal              35     1   2  2  
 2 Mitch Callahan           Cal O'Reilly             Steven Pinizzotto        30     1   2  2  
 3 Jeff Hoggan              Quinton Howden           Viktor Arvidsson         22     1   2  2  
 4 Austin Watson            Chase Balisy             Blair Riley              13     1   2  2  

5 vs 5 Defense 
   Defense                  Defense                                           Time % Phy DF OF 
 1 Mac Bennett              Matt MacKenzie                                    35     1   2  2  
 2 Troy Rutkowski           FARM PLAYER17                                     30     1   2  2  
 3 FARM PLAYER13            Trevor van Riemsdyk                               22     1   2  2  
 4 Mac Bennett              Matt MacKenzie                                    13     1   2  2  

PowerPlay Forward 
   Center                   Left Wing                Right Wing               Time % Phy DF OF 
 1 Austin Watson            Barclay Goodrow          Jordan Weal              60     1   2  2  
 2 Mitch Callahan           Steven Pinizzotto        Chase Balisy             40     1   2  2  

PowerPlay Defense
   Defense                  Defense                                           Time % Phy DF OF 
 1 Mac Bennett              Matt MacKenzie                                    60     1   2  2  
 2 Troy Rutkowski           FARM PLAYER17                                     40     1   2  2  

Penalty Kill 4 Players Forward 
   Center                   Wing                     Time % Phy DF OF 
 1 Austin Watson            Jordan Weal              60     1   2  2  
 2 Jeff Hoggan              Quinton Howden           40     1   2  2  

Penalty Kill 4 Players Defense
   Defense                  Defense                  Time % Phy DF OF 
 1 Matt MacKenzie           Mac Bennett              60     1   2  2  
 2 FARM PLAYER13            Troy Rutkowski           40     1   2  2  

Penalty Kill - 3 Players Forward 
   Forward                                           Time % Phy DF OF 
 1 Barclay Goodrow                                   60     1   2  2  
 2 Austin Watson                                     40     1   2  2  

Penalty Kill - 3 Players Defense
   Defense                  Defense                  Time % Phy DF OF 
 1 Matt MacKenzie           Mac Bennett              60     1   2  2  
 2 FARM PLAYER17            Troy Rutkowski           40     1   2  2  

4 vs 4 Forward 
   Center                   Wing                     Time % Phy DF OF 
 1 Barclay Goodrow          Austin Watson            60     1   2  2  
 2 Jordan Weal              Viktor Arvidsson         40     1   2  2  

4 vs 4 Defense
   Defense                  Defense                  Time % Phy DF OF 
 1 Mac Bennett              Matt MacKenzie           60     1   2  2  
 2 FARM PLAYER17            FARM PLAYER13            40     1   2  2  

Last Minutes Offensive
   Center                   Left Wing                Right Wing               Defense                  Defense                  
   Austin Watson            Barclay Goodrow          Jordan Weal              Mac Bennett              Matt MacKenzie           

Last Minutes Defensive
   Center                   Left Wing                Right Wing               Defense                  Defense                  
   Austin Watson            Barclay Goodrow          Jordan Weal              Mac Bennett              Matt MacKenzie           

Goaltenders
Starting : FARM GOALIE2             
Backup : Matt Climie              

Extra Forwards
Normal : Chase Balisy, Austin Watson, Barclay Goodrow - PP : Mitch Callahan, Jordan Weal - PK : Blair Riley
Extra Defensemen
Normal : Matt MacKenzie, Troy Rutkowski, Mac Bennett - PP : Matt MacKenzie - PK : FARM PLAYER17, Mac Bennett
Penalty Shots
Chase Balisy, Austin Watson, Barclay Goodrow, Mitch Callahan, Jordan Weal

% Time on Ice - Ice Hogs

Lines # - Real PCT - Wanted PCT - Time Play
Normal Forward
1 - 28% - 30% - 13:53
2 - 26% - 25% - 12:52
3 - 23% - 25% - 11:12
4 - 23% - 20% - 11:27
Normal Defense
1 - 26% - 30% - 12:44
2 - 26% - 30% - 12:43
3 - 45% - 30% - 22:04
4 - 4% - 10% - 1:53
PP Forward
1 - 54% - 50% - 3:27
2 - 46% - 50% - 2:54
PP Defense
1 - 59% - 50% - 3:46
2 - 41% - 50% - 2:35
PK Forward
1 - 53% - 50% - 2:16
2 - 47% - 50% - 1:59
PK Defense
1 - 60% - 50% - 2:34
2 - 40% - 50% - 1:41
PK3 Forward
1 - 0% - 50%
2 - 0% - 50%
PK3 Defense
1 - 0% - 50%
2 - 0% - 50%
44 Forward
1 - 0% - 50%
2 - 0% - 50%
44 Defense
1 - 0% - 50%
2 - 0% - 50%
Last Minute Offensive  - 0:00
Last Minute Defensive  - 0:00
Total
Forward - 60:00
Defense - 60:00

% Time on Ice - Monsters

Lines # - Real PCT - Wanted PCT - Time Play
Normal Forward
1 - 28% - 35% - 13:38
2 - 35% - 30% - 17:12
3 - 29% - 22% - 14:13
4 - 9% - 13% - 4:21
Normal Defense
1 - 33% - 35% - 16:14
2 - 33% - 30% - 16:26
3 - 27% - 22% - 13:32
4 - 6% - 13% - 3:12
PP Forward
1 - 44% - 60% - 1:53
2 - 56% - 40% - 2:22
PP Defense
1 - 68% - 60% - 2:54
2 - 32% - 40% - 1:21
PK Forward
1 - 74% - 60% - 4:41
2 - 26% - 40% - 1:40
PK Defense
1 - 56% - 60% - 3:33
2 - 44% - 40% - 2:48
PK3 Forward
1 - 0% - 60%
2 - 0% - 40%
PK3 Defense
1 - 0% - 60%
2 - 0% - 40%
44 Forward
1 - 0% - 60%
2 - 0% - 40%
44 Defense
1 - 0% - 60%
2 - 0% - 40%
Last Minute Offensive  - 0:00
Last Minute Defensive  - 0:00
Total
Forward - 60:00
Defense - 60:00

Play by Play

1st period


0:01 of 1st period - Austin Watson wins face-off versus Tim Schaller in neutral zone.
0:28 of 1st period - Wrist shot by Barclay Goodrow.
0:28 of 1st period - Shot Blocked by Anton Volchenkov.
0:30 of 1st period - Slapshot by Mac Bennett.
0:30 of 1st period - Shot Misses the Net.
0:32 of 1st period - Backhand shot by Jordan Weal.
0:32 of 1st period - Stopped by Yann Danis with a rebound.
0:52 of 1st period - Minor Penalty to Matt MacKenzie for Tripping.
0:53 of 1st period - Travis Morin wins face-off versus Austin Watson in Monsters zone.
1:54 of 1st period - Jeff Hoggan is hit by Tim Schaller.
2:52 of 1st period - Penalty to Matt MacKenzie is over, Matt MacKenzie is back on ice.
3:14 of 1st period - Mitch Callahan is hit by Viktor Svedberg and loses puck.
3:21 of 1st period - Viktor Svedberg is hit by FARM PLAYER13 and loses puck.
3:32 of 1st period - Snap shot by Steven Pinizzotto.
3:32 of 1st period - Stopped by Yann Danis with a rebound.
4:29 of 1st period - Off-side.
4:30 of 1st period - Austin Watson wins face-off versus Travis Morin in neutral zone.
5:42 of 1st period - Wrist shot by Oscar Lindberg.
5:42 of 1st period - Deflect By Petr Straka.
5:42 of 1st period - Shot Blocked by Trevor van Riemsdyk.
5:42 of 1st period - Puck is out of play.
5:43 of 1st period - Oscar Lindberg wins face-off versus Jeff Hoggan in Monsters zone.
6:09 of 1st period - Off-side.
6:10 of 1st period - Austin Watson wins face-off versus Tim Schaller in neutral zone.
6:23 of 1st period - Wrist shot by Chase Balisy.
6:23 of 1st period - Shot Blocked by Frank Corrado.
6:42 of 1st period - Cal O'Reilly is hit by Colin McDonald and loses puck.
7:00 of 1st period - Wrist shot by Travis Morin.
7:00 of 1st period - Stopped by FARM GOALIE2 without a rebound.
7:01 of 1st period - Austin Watson wins face-off versus T.J. Tynan in Monsters zone.
7:01 of 1st period - Austin Watson is hit by T.J. Tynan.
7:18 of 1st period - Austin Watson and Viktor Svedberg fight to a draw.
7:18 of 1st period - Penalty to Austin Watson for Fighting.
7:18 of 1st period - Penalty to Viktor Svedberg for Fighting.
7:18 of 1st period - Penalty to Viktor Svedberg for instigated a fight.
7:18 of 1st period - Penalty to Viktor Svedberg for instigated a fight.
7:19 of 1st period - Mitch Callahan wins face-off versus Tim Schaller in Ice Hogs zone.
7:36 of 1st period - Slapshot by Mitch Callahan.
7:36 of 1st period - Shot Misses the Net.
8:06 of 1st period - Mathieu Brodeur is hit by Barclay Goodrow and loses puck.
8:21 of 1st period - Snap shot by Jordan Weal.
8:21 of 1st period - Shot Misses the Net.
9:13 of 1st period - Travis Morin is hit by Mac Bennett and loses puck.
9:18 of 1st period - Penalty to Viktor Svedberg is over, Scott Wilson is send on ice.
9:26 of 1st period - Barclay Goodrow is hit by Colin McDonald and loses puck.
10:01 of 1st period - Snap shot by Quinton Howden.
10:01 of 1st period - Shot Misses the Net.
10:03 of 1st period - Slapshot by Troy Rutkowski.
10:03 of 1st period - Deflect By Viktor Arvidsson.
10:03 of 1st period - Stopped by Yann Danis without a rebound.
10:04 of 1st period - T.J. Tynan wins face-off versus Blair Riley in Ice Hogs zone.
10:04 of 1st period - T.J. Tynan is hit by FARM PLAYER13.
10:27 of 1st period - Slapshot by Anton Volchenkov.
10:27 of 1st period - Shot Blocked by Chase Balisy.
10:29 of 1st period - Slapshot by Jean-Philippe Cote.
10:29 of 1st period - Shot Misses the Net.
11:08 of 1st period - Snap shot by Anton Volchenkov.
11:08 of 1st period - Goal by Anton Volchenkov - Ice Hogs : 1 - Monsters : 0.
11:09 of 1st period - Chase Balisy wins face-off versus Tim Schaller in neutral zone.
11:22 of 1st period - Snap shot by Barclay Goodrow.
11:22 of 1st period - Stopped by Yann Danis with a rebound.
11:32 of 1st period - Wrist shot by Barclay Goodrow.
11:32 of 1st period - Shot Misses the Net.
11:50 of 1st period - Wrist shot by Viktor Arvidsson.
11:50 of 1st period - Stopped by Yann Danis with a rebound.
11:52 of 1st period - Slapshot by Viktor Arvidsson.
11:52 of 1st period - Shot Misses the Net.
12:49 of 1st period - Off-side.
12:50 of 1st period - Oscar Lindberg wins face-off versus Mitch Callahan in neutral zone.
13:02 of 1st period - Off-side.
13:03 of 1st period - Cal O'Reilly wins face-off versus T.J. Tynan in neutral zone.
14:44 of 1st period - Austin Watson is hit by Anton Volchenkov and loses puck.
14:51 of 1st period - Blair Riley is hit by Jean-Philippe Cote and loses puck.
15:10 of 1st period - Minor Penalty to FARM PLAYER17 for Roughing.
15:11 of 1st period - Austin Watson wins face-off versus Tim Schaller in Monsters zone.
15:11 of 1st period - Austin Watson is hit by Matt Fraser.
15:29 of 1st period - Slapshot by Alexey Marchenko.
15:29 of 1st period - Goal by Alexey Marchenko - Ice Hogs : 2 - Monsters : 0.
15:30 of 1st period - Travis Morin wins face-off versus Mitch Callahan in neutral zone.
15:33 of 1st period - Snap shot by Colin McDonald.
15:33 of 1st period - Shot Blocked by Mitch Callahan.
15:35 of 1st period - Slapshot by Colin McDonald.
15:35 of 1st period - Goal by Colin McDonald - Ice Hogs : 3 - Monsters : 0.
15:36 of 1st period - Tim Schaller wins face-off versus Mitch Callahan in neutral zone.
15:39 of 1st period - Wrist shot by J.T. Miller.
15:39 of 1st period - Shot Misses the Net.
15:41 of 1st period - Slapshot by Alexey Marchenko.
15:41 of 1st period - Shot Misses the Net.
15:46 of 1st period - Mitch Callahan and Matt Fraser fight to a draw.
15:46 of 1st period - Penalty to Mitch Callahan for Fighting.
15:46 of 1st period - Penalty to Matt Fraser for Fighting.
15:47 of 1st period - Austin Watson wins face-off versus Tim Schaller in Monsters zone.
15:52 of 1st period - Slapshot by Barclay Goodrow.
15:52 of 1st period - Shot Misses the Net.
16:13 of 1st period - Slapshot by Anton Volchenkov.
16:13 of 1st period - Goal by Anton Volchenkov - Ice Hogs : 4 - Monsters : 0.
16:13 of 1st period - Matt Climie enters game.
16:14 of 1st period - Chase Balisy wins face-off versus Oscar Lindberg in neutral zone.
17:09 of 1st period - Austin Watson is hit by Colin McDonald and loses puck.
17:18 of 1st period - Slapshot by Alexey Marchenko.
17:18 of 1st period - Shot Misses the Net.
17:20 of 1st period - Slapshot by Frank Corrado.
17:20 of 1st period - Deflect By Scott Wilson.
17:20 of 1st period - Shot Misses the Net.
17:20 of 1st period - Puck is out of play.
17:21 of 1st period - Viktor Arvidsson wins face-off versus Tim Schaller in Monsters zone.
17:26 of 1st period - J.T. Miller is hit by Jeff Hoggan and loses puck.
17:43 of 1st period - Wrist shot by Tim Schaller.
17:43 of 1st period - Shot Blocked by Viktor Arvidsson.
17:45 of 1st period - Snap shot by J.T. Miller.
17:45 of 1st period - Stopped by Matt Climie with a rebound.
17:47 of 1st period - Wrist shot by Frank Corrado.
17:47 of 1st period - Deflect By J.T. Miller.
17:47 of 1st period - Shot Misses the Net.
17:47 of 1st period - Puck is out of play.
17:48 of 1st period - T.J. Tynan wins face-off versus Austin Watson in Monsters zone.
18:04 of 1st period - Minor Penalty to FARM PLAYER13 for Roughing.
18:05 of 1st period - Tim Schaller wins face-off versus Austin Watson in Monsters zone.
19:01 of 1st period - Snap shot by Colin McDonald.
19:01 of 1st period - Stopped by Matt Climie with a rebound.
19:03 of 1st period - Slapshot by Alexey Marchenko.
19:03 of 1st period - Stopped by Matt Climie with a rebound.
19:05 of 1st period - Slapshot by Anton Volchenkov.
19:05 of 1st period - Stopped by Matt Climie without a rebound.
19:06 of 1st period - Austin Watson wins face-off versus Travis Morin in Monsters zone.
19:50 of 1st period - Slapshot by Troy Rutkowski.
19:50 of 1st period - Deflect By Jeff Hoggan.
19:50 of 1st period - Shot Misses the Net.
19:50 of 1st period - Puck is out of play.
19:51 of 1st period - Jeff Hoggan wins face-off versus Colin McDonald in Ice Hogs zone.
Goals for this period are 4 for Ice Hogs vs 0 for Monsters.
Shots for this period are 9 for Ice Hogs vs 5 for Monsters.

2nd period


0:01 of 2nd period - Austin Watson wins face-off versus Colin McDonald in neutral zone.
0:04 of 2nd period - Penalty to FARM PLAYER13 is over, FARM PLAYER13 is back on ice.
0:04 of 2nd period - Alexey Marchenko is hit by Austin Watson.
0:49 of 2nd period - Scott Wilson is hit by Steven Pinizzotto and loses puck.
1:06 of 2nd period - Wrist shot by Cal O'Reilly.
1:06 of 2nd period - Shot Blocked by Travis Morin.
1:08 of 2nd period - Slapshot by Troy Rutkowski.
1:08 of 2nd period - Shot Blocked by Alexey Marchenko.
1:10 of 2nd period - Snap shot by Chase Balisy.
1:10 of 2nd period - Shot Blocked by Frank Corrado.
1:36 of 2nd period - Slapshot by Quinton Howden.
1:36 of 2nd period - Stopped by Yann Danis with a rebound.
1:38 of 2nd period - Slapshot by Troy Rutkowski.
1:38 of 2nd period - Shot Misses the Net.
1:40 of 2nd period - Wrist shot by Quinton Howden.
1:40 of 2nd period - Shot Misses the Net.
1:42 of 2nd period - Slapshot by Trevor van Riemsdyk.
1:42 of 2nd period - Shot Blocked by Travis Morin.
1:48 of 2nd period - Slapshot by Trevor van Riemsdyk.
1:48 of 2nd period - Shot Blocked by Alexey Marchenko.
1:50 of 2nd period - Snap shot by Viktor Arvidsson.
1:50 of 2nd period - Stopped by Yann Danis with a rebound.
1:52 of 2nd period - Snap shot by Quinton Howden.
1:52 of 2nd period - Shot Misses the Net.
2:16 of 2nd period - Tim Schaller is hit by Trevor van Riemsdyk and loses puck.
2:18 of 2nd period - 10 Minutes Misconduct Penalty to Viktor Svedberg is over.
2:23 of 2nd period - Viktor Svedberg is hit by Barclay Goodrow and loses puck.
3:17 of 2nd period - Snap shot by Oscar Lindberg.
3:17 of 2nd period - Deflect By Petr Straka.
3:17 of 2nd period - Stopped by Matt Climie with a rebound.
3:19 of 2nd period - Wrist shot by Will Acton.
3:19 of 2nd period - Shot Misses the Net.
3:21 of 2nd period - Snap shot by Petr Straka.
3:21 of 2nd period - Shot Blocked by Trevor van Riemsdyk.
3:23 of 2nd period - Slapshot by Will Acton.
3:23 of 2nd period - Stopped by Matt Climie without a rebound.
3:24 of 2nd period - T.J. Tynan wins face-off versus Mitch Callahan in Monsters zone.
3:37 of 2nd period - Slapshot by T.J. Tynan.
3:37 of 2nd period - Stopped by Matt Climie with a rebound.
3:39 of 2nd period - Slapshot by Jean-Philippe Cote.
3:39 of 2nd period - Shot Misses the Net.
3:41 of 2nd period - Snap shot by Ryan Haggerty.
3:41 of 2nd period - Deflect By Derek Hulak.
3:41 of 2nd period - Shot Blocked by Mac Bennett.
3:41 of 2nd period - Puck is out of play.
3:42 of 2nd period - Mitch Callahan wins face-off versus T.J. Tynan in Monsters zone.
3:44 of 2nd period - Minor Penalty to Matt MacKenzie for Slashing.
3:45 of 2nd period - Tim Schaller wins face-off versus Austin Watson in Monsters zone.
3:49 of 2nd period - Snap shot by Matt Fraser.
3:49 of 2nd period - Goal by Matt Fraser - Ice Hogs : 5 - Monsters : 0.
3:50 of 2nd period - Tim Schaller wins face-off versus Mitch Callahan in neutral zone.
4:20 of 2nd period - Wrist shot by J.T. Miller.
4:20 of 2nd period - Shot Misses the Net.
4:22 of 2nd period - Slapshot by Anton Volchenkov.
4:22 of 2nd period - Shot Blocked by Mac Bennett.
4:58 of 2nd period - Viktor Svedberg beats up Mitch Callahan.
4:58 of 2nd period - Penalty to Mitch Callahan for Fighting.
4:58 of 2nd period - Penalty to Viktor Svedberg for Fighting.
4:59 of 2nd period - Austin Watson wins face-off versus T.J. Tynan in Monsters zone.
5:14 of 2nd period - Snap shot by Jordan Weal.
5:14 of 2nd period - Stopped by Yann Danis without a rebound.
5:15 of 2nd period - Austin Watson wins face-off versus T.J. Tynan in Ice Hogs zone.
5:22 of 2nd period - Snap shot by Jordan Weal.
5:22 of 2nd period - Shot Misses the Net.
5:32 of 2nd period - Wrist shot by Ryan Haggerty.
5:32 of 2nd period - Shot Blocked by Austin Watson.
5:34 of 2nd period - Snap shot by Ryan Haggerty.
5:34 of 2nd period - Shot Misses the Net.
5:36 of 2nd period - Slapshot by Frank Corrado.
5:36 of 2nd period - Shot Misses the Net.
5:38 of 2nd period - Slapshot by Frank Corrado.
5:38 of 2nd period - Shot Blocked by Troy Rutkowski.
5:40 of 2nd period - Slapshot by Frank Corrado.
5:40 of 2nd period - Stopped by Matt Climie with a rebound.
5:42 of 2nd period - Wrist shot by Ryan Haggerty.
5:42 of 2nd period - Stopped by Matt Climie with a rebound.
5:44 of 2nd period - Snap shot by Ryan Haggerty.
5:44 of 2nd period - Shot Misses the Net.
6:00 of 2nd period - Snap shot by Matt Fraser.
6:00 of 2nd period - Shot Misses the Net.
6:54 of 2nd period - Slapshot by Alexey Marchenko.
6:54 of 2nd period - Shot Blocked by Mac Bennett.
6:56 of 2nd period - Slapshot by Alexey Marchenko.
6:56 of 2nd period - Shot Misses the Net.
6:58 of 2nd period - Slapshot by Frank Corrado.
6:58 of 2nd period - Shot Misses the Net.
7:00 of 2nd period - Snap shot by Will Acton.
7:00 of 2nd period - Shot Blocked by Viktor Arvidsson.
7:02 of 2nd period - Snap shot by Will Acton.
7:02 of 2nd period - Shot Blocked by Viktor Arvidsson.
7:04 of 2nd period - Wrist shot by Oscar Lindberg.
7:04 of 2nd period - Shot Misses the Net.
7:06 of 2nd period - Wrist shot by Alexey Marchenko.
7:06 of 2nd period - Deflect By Oscar Lindberg.
7:06 of 2nd period - Stopped by Matt Climie with a rebound.
7:32 of 2nd period - Trevor van Riemsdyk is hit by Scott Wilson and loses puck.
8:11 of 2nd period - Steven Pinizzotto is hit by T.J. Tynan and loses puck.
8:43 of 2nd period - Mac Bennett is hit by J.T. Miller and loses puck.
9:45 of 2nd period - Barclay Goodrow is hit by Travis Morin and loses puck.
11:14 of 2nd period - Wrist shot by J.T. Miller.
11:14 of 2nd period - Shot Misses the Net.
11:32 of 2nd period - Will Acton is hit by Mitch Callahan and loses puck.
11:51 of 2nd period - Will Acton is hit by Steven Pinizzotto.
12:06 of 2nd period - Quinton Howden is hit by Ryan Haggerty and loses puck.
12:30 of 2nd period - Icing by Viktor Arvidsson.
12:31 of 2nd period - Jeff Hoggan wins face-off versus Travis Morin in Monsters zone.
13:09 of 2nd period - Mathieu Brodeur is hit by Barclay Goodrow and loses puck.
13:21 of 2nd period - Minor Penalty to Anton Volchenkov for Tripping.
13:22 of 2nd period - Travis Morin wins face-off versus Mitch Callahan in Ice Hogs zone.
13:38 of 2nd period - Wrist shot by Steven Pinizzotto.
13:38 of 2nd period - Goal by Steven Pinizzotto - Ice Hogs : 5 - Monsters : 1.
13:39 of 2nd period - Jeff Hoggan wins face-off versus J.T. Miller in neutral zone.
13:42 of 2nd period - Viktor Svedberg is hit by Jeff Hoggan.
14:27 of 2nd period - Jean-Philippe Cote is hit by Quinton Howden and loses puck.
15:05 of 2nd period - Mac Bennett is hit by Will Acton and loses puck.
15:13 of 2nd period - Mitch Callahan beats up Mathieu Brodeur.
15:13 of 2nd period - Penalty to Mitch Callahan for Fighting.
15:13 of 2nd period - Mitch Callahan is ejected from game.
15:13 of 2nd period - Penalty to Mathieu Brodeur for Fighting.
15:14 of 2nd period - Tim Schaller wins face-off versus Austin Watson in neutral zone.
16:03 of 2nd period - Trevor van Riemsdyk is hit by Colin McDonald and loses puck.
16:15 of 2nd period - Scott Wilson is hit by Steven Pinizzotto.
16:21 of 2nd period - Viktor Svedberg beats up Cal O'Reilly.
16:21 of 2nd period - Penalty to Cal O'Reilly for Fighting.
16:21 of 2nd period - Penalty to Viktor Svedberg for Fighting.
16:21 of 2nd period - Viktor Svedberg is ejected from game.
16:22 of 2nd period - Oscar Lindberg wins face-off versus Austin Watson in neutral zone.
16:27 of 2nd period - Backhand shot by Frank Corrado.
16:27 of 2nd period - Shot Blocked by Jordan Weal.
17:09 of 2nd period - Mac Bennett is hit by Matt Fraser and loses puck.
17:16 of 2nd period - Wrist shot by Quinton Howden.
17:16 of 2nd period - Stopped by Yann Danis without a rebound.
17:17 of 2nd period - Tim Schaller wins face-off versus Jeff Hoggan in Ice Hogs zone.
17:24 of 2nd period - Quinton Howden is hit by Tim Schaller and loses puck.
18:12 of 2nd period - Trevor van Riemsdyk is hit by Anton Volchenkov and loses puck.
18:53 of 2nd period - Backhand shot by Trevor van Riemsdyk.
18:53 of 2nd period - Stopped by Yann Danis with a rebound.
18:55 of 2nd period - Slapshot by Trevor van Riemsdyk.
18:55 of 2nd period - Deflect By Steven Pinizzotto.
18:55 of 2nd period - Shot Misses the Net.
18:55 of 2nd period - Puck is out of play.
18:56 of 2nd period - Barclay Goodrow wins face-off versus T.J. Tynan in Ice Hogs zone.
19:53 of 2nd period - Snap shot by Alexey Marchenko.
19:53 of 2nd period - Shot Misses the Net.
Goals for this period are 1 for Ice Hogs vs 1 for Monsters.
Shots for this period are 7 for Ice Hogs vs 6 for Monsters.

3rd period


0:01 of 3rd period - Austin Watson wins face-off versus Tim Schaller in neutral zone.
0:04 of 3rd period - J.T. Miller is hit by Barclay Goodrow and loses puck.
0:33 of 3rd period - Wrist shot by Matt Fraser.
0:33 of 3rd period - Shot Misses the Net.
0:35 of 3rd period - Backhand shot by Frank Corrado.
0:35 of 3rd period - Deflect By Matt Fraser.
0:35 of 3rd period - Stopped by Matt Climie without a rebound.
0:36 of 3rd period - Chase Balisy wins face-off versus Oscar Lindberg in Monsters zone.
0:36 of 3rd period - Chase Balisy is hit by Will Acton.
1:12 of 3rd period - Wrist shot by Anton Volchenkov.
1:12 of 3rd period - Stopped by Matt Climie with a rebound.
1:29 of 3rd period - FARM PLAYER17 is hit by Colin McDonald and loses puck.
1:44 of 3rd period - Wrist shot by Travis Morin.
1:44 of 3rd period - Stopped by Matt Climie with a rebound.
1:46 of 3rd period - Slapshot by Travis Morin.
1:46 of 3rd period - Stopped by Matt Climie without a rebound.
1:47 of 3rd period - J.T. Miller wins face-off versus Chase Balisy in Monsters zone.
1:48 of 3rd period - Snap shot by Matt Fraser.
1:48 of 3rd period - Shot Misses the Net.
2:00 of 3rd period - Wrist shot by Steven Pinizzotto.
2:00 of 3rd period - Stopped by Yann Danis with a rebound.
2:23 of 3rd period - Barclay Goodrow is hit by Tim Schaller and loses puck.
2:48 of 3rd period - Quinton Howden is hit by Ryan Haggerty and loses puck.
3:33 of 3rd period - Anton Volchenkov is hit by Steven Pinizzotto and loses puck.
4:06 of 3rd period - Minor Penalty to Troy Rutkowski for Tripping.
4:07 of 3rd period - Tim Schaller wins face-off versus Austin Watson in Monsters zone.
4:21 of 3rd period - Slapshot by Matt Fraser.
4:21 of 3rd period - Stopped by Matt Climie with a rebound.
4:30 of 3rd period - Off-side.
4:31 of 3rd period - Blair Riley wins face-off versus Travis Morin in neutral zone.
4:58 of 3rd period - Mac Bennett is hit by Colin McDonald.
5:04 of 3rd period - Austin Watson is hit by Frank Corrado and loses puck.
5:23 of 3rd period - FARM PLAYER17 is hit by J.T. Miller and loses puck.
6:06 of 3rd period - Penalty to Troy Rutkowski is over, Troy Rutkowski is back on ice.
6:34 of 3rd period - Matt MacKenzie is hit by Petr Straka and loses puck.
6:57 of 3rd period - T.J. Tynan is hit by Mac Bennett and loses puck.
7:29 of 3rd period - Derek Hulak is hit by Cal O'Reilly and loses puck.
7:34 of 3rd period - Slapshot by Trevor van Riemsdyk.
7:34 of 3rd period - Stopped by Yann Danis without a rebound.
7:35 of 3rd period - Chase Balisy wins face-off versus Tim Schaller in Ice Hogs zone.
7:52 of 3rd period - Snap shot by Viktor Arvidsson.
7:52 of 3rd period - Shot Misses the Net.
7:54 of 3rd period - Snap shot by Viktor Arvidsson.
7:54 of 3rd period - Shot Misses the Net.
7:56 of 3rd period - Wrist shot by Quinton Howden.
7:56 of 3rd period - Stopped by Yann Danis without a rebound.
7:57 of 3rd period - Jeff Hoggan wins face-off versus Travis Morin in Ice Hogs zone.
8:22 of 3rd period - Wrist shot by Barclay Goodrow.
8:22 of 3rd period - Shot Blocked by Frank Corrado.
8:42 of 3rd period - Slapshot by Steven Pinizzotto.
8:42 of 3rd period - Stopped by Yann Danis with a rebound.
8:44 of 3rd period - Snap shot by Steven Pinizzotto.
8:44 of 3rd period - Shot Blocked by Frank Corrado.
9:12 of 3rd period - Minor Penalty to Travis Morin for Tripping.
9:13 of 3rd period - Tim Schaller wins face-off versus Austin Watson in Ice Hogs zone.
9:13 of 3rd period - Tim Schaller is hit by Austin Watson.
11:05 of 3rd period - Off-side.
11:06 of 3rd period - FARM PLAYER13 wins face-off versus Will Acton in neutral zone.
11:12 of 3rd period - Penalty to Travis Morin is over, Travis Morin is back on ice.
11:15 of 3rd period - Steven Pinizzotto is hit by Alexey Marchenko and loses puck.
11:41 of 3rd period - Wrist shot by Viktor Arvidsson.
11:41 of 3rd period - Deflect By Quinton Howden.
11:41 of 3rd period - Stopped by Yann Danis with a rebound.
11:43 of 3rd period - Slapshot by FARM PLAYER17.
11:43 of 3rd period - Stopped by Yann Danis with a rebound.
11:45 of 3rd period - Snap shot by Quinton Howden.
11:45 of 3rd period - Deflect By Frank Corrado.
11:45 of 3rd period - Stopped by Yann Danis with a rebound.
11:47 of 3rd period - Snap shot by Troy Rutkowski.
11:47 of 3rd period - Shot Misses the Net.
12:11 of 3rd period - Slapshot by Anton Volchenkov.
12:11 of 3rd period - Shot Misses the Net.
12:13 of 3rd period - Wrist shot by Ryan Haggerty.
12:13 of 3rd period - Stopped by Matt Climie without a rebound.
12:14 of 3rd period - Ryan Haggerty wins face-off versus Barclay Goodrow in Monsters zone.
12:42 of 3rd period - Off-side.
12:43 of 3rd period - Tim Schaller wins face-off versus Austin Watson in neutral zone.
12:48 of 3rd period - Snap shot by J.T. Miller.
12:48 of 3rd period - Shot Blocked by Troy Rutkowski.
13:26 of 3rd period - Slapshot by Alexey Marchenko.
13:26 of 3rd period - Shot Blocked by Barclay Goodrow.
13:28 of 3rd period - Slapshot by Frank Corrado.
13:28 of 3rd period - Shot Misses the Net.
13:30 of 3rd period - Slapshot by Frank Corrado.
13:30 of 3rd period - Stopped by Matt Climie with a rebound.
14:02 of 3rd period - Quinton Howden is hit by T.J. Tynan and loses puck.
15:16 of 3rd period - Snap shot by Steven Pinizzotto.
15:16 of 3rd period - Deflect By Chase Balisy.
15:16 of 3rd period - Shot Misses the Net.
15:16 of 3rd period - Puck is out of play.
15:17 of 3rd period - Tim Schaller wins face-off versus Chase Balisy in Ice Hogs zone.
15:42 of 3rd period - Matt Fraser is hit by Matt MacKenzie and loses puck.
16:48 of 3rd period - Viktor Arvidsson is hit by Derek Hulak and loses puck.
17:23 of 3rd period - Snap shot by Barclay Goodrow.
17:23 of 3rd period - Stopped by Yann Danis with a rebound.
17:27 of 3rd period - Wrist shot by Barclay Goodrow.
17:27 of 3rd period - Deflect By Steven Pinizzotto.
17:27 of 3rd period - Shot Misses the Net.
17:27 of 3rd period - Puck is out of play.
17:28 of 3rd period - Barclay Goodrow wins face-off versus Colin McDonald in Ice Hogs zone.
18:19 of 3rd period - Wrist shot by Derek Hulak.
18:19 of 3rd period - Stopped by Matt Climie without a rebound.
18:20 of 3rd period - Austin Watson wins face-off versus T.J. Tynan in Monsters zone.
18:29 of 3rd period - Blair Riley is hit by Frank Corrado and loses puck.
19:00 of 3rd period - Snap shot by Austin Watson.
19:00 of 3rd period - Stopped by Yann Danis with a rebound.
19:06 of 3rd period - Barclay Goodrow is hit by Petr Straka and loses puck.
19:11 of 3rd period - Slapshot by Alexey Marchenko.
19:11 of 3rd period - Shot Misses the Net.
19:19 of 3rd period - Snap shot by Will Acton.
19:19 of 3rd period - Stopped by Matt Climie without a rebound.
19:20 of 3rd period - Tim Schaller wins face-off versus Chase Balisy in Monsters zone.
19:33 of 3rd period - Slapshot by Matt Fraser.
19:33 of 3rd period - Shot Blocked by Cal O'Reilly.
19:35 of 3rd period - Wrist shot by Tim Schaller.
19:35 of 3rd period - Shot Misses the Net.
19:37 of 3rd period - Snap shot by Matt Fraser.
19:37 of 3rd period - Shot Blocked by Steven Pinizzotto.
19:39 of 3rd period - Snap shot by Matt Fraser.
19:39 of 3rd period - Stopped by Matt Climie with a rebound.
19:41 of 3rd period - Snap shot by J.T. Miller.
19:41 of 3rd period - Shot Blocked by Mac Bennett.
19:43 of 3rd period - Slapshot by J.T. Miller.
19:43 of 3rd period - Shot Blocked by Steven Pinizzotto.
Goals for this period are 0 for Ice Hogs vs 0 for Monsters.
Shots for this period are 10 for Ice Hogs vs 9 for Monsters.